 Dungeon Crawl Stone Soup version 0.28-a0-1344-g6b9ff3a05d (webtiles) character file.

Game seed: 4960648518045608041

12930 folkstorn the Protected (level 11, 0/104 HPs)
             Began as a Minotaur Berserker on Dec 29, 2021.
             Was a Priest of Trog.
             Slain by an eight-headed hydra (2 damage)
             ... on level 2 of the Lair of Beasts.
             The game lasted 01:03:02 (16706 turns).

folkstorn the Protected (Minotaur Berserker)       Turns: 16706, Time: 01:03:03

Health: 0/104      AC: 21    Str: 31    XL:     11   Next: 68%
Magic:  10/10      EV: 10    Int:  6    God:    Trog [***...]
Gold:   400        SH:  0    Dex: 15    Spells: 10/10 levels left

rFire   + . .      SeeInvis .   a - +8 flail of Giyxed {vorpal, Dex+6}
rCold   . . .      Faith    .   (no shield)
rNeg    . . .      Spirit   .   b - +4 plate armour
rPois   .          Reflect  .   (helmet restricted)
rElec   .          Harm     .   (no cloak)
rCorr   .          Rampage  .   (no gloves)
Will    .....                   j - +0 pair of boots
Stlth   ..........              (no amulet)
HPRegen 0.27/turn               m - +6 ring of strength
MPRegen 0.12/turn               p - ring of protection from fire

@: on berserk cooldown
A: horns 2, retaliatory headbutt
a: Renounce Religion, Berserk, Trog's Hand


You were on level 2 of the Lair of Beasts.
You worshipped Trog.
Trog was most pleased with you.
You visited 2 branches of the dungeon, and saw 11 of its levels.

You collected 400 gold pieces.

Inventory:

Hand Weapons
 a - the +8 flail of Giyxed (weapon) {vorpal, Dex+6}
   (You found it on level 9 of the Dungeon)

   It inflicts extra damage upon your enemies.
   Dex:       It affects your dexterity (+6).
 z - a +6 great sword of freezing
Missiles
 t - 2 poisoned darts (quivered)
Armour
 b - a +4 plate armour (worn)
 j - a +0 pair of boots (worn)
Magical Staves
 G - a staff of death
Jewellery
 i - a ring of magical power
 m - a +6 ring of strength (left hand)
 p - a ring of protection from fire (right hand)
Wands
 e - a wand of paralysis (4)
 v - a wand of acid (13)
 x - a wand of flame (12)
Scrolls
 c - 2 scrolls of identify
 g - a scroll of brand weapon
 k - 2 scrolls of blinking
 n - a scroll of fog {unknown}
 o - a scroll of immolation {unknown}
 q - 2 scrolls of noise {unknown}
 u - 2 scrolls of amnesia {unknown}
 w - 2 scrolls of summoning {unknown}
 B - a scroll of teleportation
Potions
 d - 6 potions of flight
 f - 2 potions of mutation {unknown}
 h - a potion of attraction {unknown}
 r - 2 potions of resistance {unknown}
 s - 4 potions of curing
 A - 2 potions of berserk rage {unknown}
 C - a potion of cancellation {unknown}
 D - a potion of haste
 E - a potion of heal wounds
 F - a potion of might {unknown}
 H - a potion of lignification {unknown}


   Skills:
 + Level 12.2 Fighting
 - Level 7.8 Long Blades
 + Level 5.6 Maces & Flails
 - Level 9.6 Polearms
 - Level 0.2 Throwing
 + Level 13.0 Armour
 - Level 4.5 Dodging
 - Level 0.9 Stealth
 - Level 2.3 Evocations


You had 10 spell levels left.
You didn't know any spells.
Your spell library was empty.

Dungeon Overview and Level Annotations

Branches:
Dungeon (9/15)             Temple (0/1) D:7            Lair (2/6) D:9
  Swamp: Lair:2-4    Shoals: Lair:2-4     Snake: Lair:2-4    Spider: Lair:2-4
    Orc: D:9-12

Altars:
Ashenzari
Gozag
Kikubaaqudgha
Makhleb
Nemelex Xobeh
Ru
Sif Muna
Trog
Vehumet
Wu Jian
Yredelemnul

Shops:
D:3 !   D:4 !


Innate Abilities, Weirdness & Mutations

You have a pair of horns on your head.
You reflexively headbutt those who attack you in melee.


Message History

An eight-headed hydra comes into view.
The eight-headed hydra roars!
You sock the blink frog!
You kill the blink frog!
Trog accepts your kill.
You hit the eight-headed hydra.
Your headbutt misses the eight-headed hydra.
The eight-headed hydra is lightly wounded.
You feel yourself speed up.
The eight-headed hydra closely misses you.
The eight-headed hydra bites you but does no damage. x2
The eight-headed hydra completely misses you.
The eight-headed hydra barely misses you. x2
The eight-headed hydra bites you but does no damage.
The eight-headed hydra barely misses you.
The eight-headed hydra bites you.
* * * LOW HITPOINT WARNING * * *
The eight-headed hydra bites you!
* * * LOW HITPOINT WARNING * * *
The eight-headed hydra closely misses you. x2
The eight-headed hydra bites you but does no damage. x3
The eight-headed hydra barely misses you.
You bludgeon the eight-headed hydra!! You headbutt the eight-headed hydra.
The eight-headed hydra is heavily wounded.
The eight-headed hydra barely misses you.
The eight-headed hydra closely misses you.
The eight-headed hydra bites you but does no damage. x3
The eight-headed hydra barely misses you.
The eight-headed hydra closely misses you. x2
The blink frog croaks.
You sock the eight-headed hydra! You headbutt the eight-headed hydra!
The eight-headed hydra is almost dead.
The eight-headed hydra closely misses you.
The eight-headed hydra bites you.
* * * LOW HITPOINT WARNING * * *
The eight-headed hydra bites you but does no damage.
The eight-headed hydra barely misses you.
The eight-headed hydra bites you but does no damage.
The eight-headed hydra bites you.
You die...

.. #...........#.. #
###+.######## #P..##
#....# ##.#.### #
##..F.# .## ##.F..#
.... ###.....######
.....
...........@D.###......
#...#....#..#...'......
##P#......#####P#......
###.P#..## ### .P...
####.(# .### ##..## .#
#....# .# ##>.## # ##
#.##


You could see an eight-headed hydra and a blink frog.

Vanquished Creatures
  A two-headed ogre (D:8)
  2 hydras
  Erica (D:9)
  3 death yaks (D:9)
  Pikel (D:7)
  2 cane toads
  A komodo dragon (Lair:1)
  2 hornets (D:8)
  3 blink frogs (Lair:2)
  Grinder (D:5)
  A wraith (D:9)
  2 wyverns
  4 yaks (Lair:1)
  2 steam dragons
  Grum (D:9)
  Eustachio (D:5)
  5 water moccasins (Lair:1)
  2 hornet zombies (D:6)
  2 black bears
  4 orc warriors (D:9)
  A sky beast (D:5)
  2 ogres
  3 necrophages
  2 wolves (D:9)
  3 centaurs
  A phantom (D:5)
  A lemure (D:7)
  11 bullfrogs
  A gnoll sergeant (D:5)
  A wyvern zombie (D:9)
  3 scorpions
  3 wyvern skeletons (D:6)
  A water moccasin zombie (D:6)
  5 wights (D:6)
  3 centaur zombies
  A bullfrog zombie (D:5)
  4 hounds
  A bullfrog skeleton (D:6)
  2 centaur skeletons (D:7)
  7 orc priests
  A gnoll shaman (D:4)
  A jelly (D:6)
  Natasha (thrice) (D:2)
  3 iguanas
  3 orc wizards
  Ijyb (D:5)
  A hound skeleton (D:4)
  3 howler monkey zombies
  9 gnolls
  A howler monkey skeleton (D:5)
  11 adders
  A shadow imp (D:7)
  3 white imps
  An ufetubus (D:4)
  A worm (D:2)
  2 dart slugs
  30 orcs
  10 endoplasms
  5 giant cockroaches
  3 goblins
  10 hobgoblins
  2 jackals (D:1)
  4 quokkas
  11 ball pythons
  4 bats
  A frilled lizard (D:1)
  9 kobolds
  7 rats
238 creatures vanquished.

Vanquished Creatures (others)
  An orc (D:9)
  6 fungi
  41 plants
48 creatures vanquished.

Grand Total: 286 creatures vanquished

Notes
Turn   | Place    | Note
-------+----------+-------------------------------------------
     0 | D:1      | folkstorn the Minotaur Berserker began the quest for the
                  | Orb.
     0 | D:1      | Reached XP level 1. HP: 19/19 MP: 0/0
   281 | D:1      | Reached XP level 2. HP: 16/27 MP: 1/1
  1071 | D:2      | Reached XP level 3. HP: 33/33 MP: 2/2
  1181 | D:2      | Reached ** piety under Trog
  1202 | D:2      | Noticed Natasha
  1234 | D:2      | Killed Natasha
  1235 | D:2      | Reached skill level 3 in Armour
  1302 | D:2      | Reached XP level 4. HP: 41/41 MP: 3/3
  1526 | D:2      | Noticed Natasha
  1531 | D:2      | Killed Natasha
  1532 | D:2      | Reached skill level 5 in Polearms
  1774 | D:2      | Found a faded altar of an unknown god.
  2003 | D:2      | Noticed Natasha
  2008 | D:2      | Killed Natasha
  2009 | D:2      | Reached XP level 5. HP: 47/47 MP: 4/4
  2605 | D:3      | Found an opulent altar of Gozag.
  2642 | D:3      | Found Nilor's Distillery.
  3122 | D:4      | Noticed an ogre
  3129 | D:4      | Killed an ogre
  3130 | D:4      | Reached skill level 5 in Fighting
  3130 | D:4      | Reached skill level 4 in Armour
  3130 | D:4      | Reached XP level 6. HP: 56/56 MP: 5/5
  3694 | D:4      | Found an ancient bone altar of Kikubaaqudgha.
  3703 | D:4      | Found a broken altar of Ashenzari.
  3766 | D:4      | Reached skill level 5 in Armour
  3866 | D:4      | Reached XP level 7. HP: 58/61 MP: 6/6
  4245 | D:4      | Found Osouwath's Distillery.
  4311 | D:5      | Entered Level 5 of the Dungeon
  4355 | D:5      | Reached skill level 6 in Armour
  4360 | D:5      | Reached *** piety under Trog
  5112 | D:5      | Noticed Ijyb
  5134 | D:5      | Killed Ijyb
  5690 | D:5      | Found an ornate altar of the Wu Jian Council.
  5761 | D:5      | Found a burning altar of Makhleb.
  5769 | D:5      | Found a sacrificial altar of Ru.
  5789 | D:5      | Noticed Grinder
  5796 | D:5      | Killed Grinder
  5797 | D:5      | Reached skill level 7 in Armour
  5797 | D:5      | Reached XP level 8. HP: 70/70 MP: 7/7
  6128 | D:5      | Noticed Eustachio
  6154 | D:5      | Killed Eustachio
  6155 | D:5      | Reached skill level 8 in Armour
  6913 | D:6      | Reached skill level 1 in Evocations
  6959 | D:6      | Found a bloodstained altar of Trog.
  7574 | D:6      | Found a sparkling altar of Nemelex Xobeh.
  7601 | D:6      | Reached XP level 9. HP: 73/79 MP: 8/8
  7643 | D:6      | Found a radiant altar of Vehumet.
  8109 | D:6      | Found a basalt altar of Yredelemnul.
  8958 | D:7      | Reached skill level 1 in Long Blades
  8958 | D:7      | Reached skill level 9 in Armour
  9192 | D:7      | Noticed Pikel
  9221 | D:7      | Killed Pikel
  9287 | D:7      | Found a staircase to the Ecumenical Temple.
  9919 | D:8      | Reached skill level 10 in Armour
  9982 | D:8      | Found a shimmering blue altar of Sif Muna.
  9990 | D:8      | Reached XP level 10. HP: 83/90 MP: 9/9
 10244 | D:8      | Paralysed by a hornet for 2 turns
 10247 | D:8      | Paralysed by a hornet for 1 turns
 10687 | D:8      | Reached skill level 5 in Long Blades
 10725 | D:8      | Noticed a two-headed ogre
 10731 | D:8      | Killed a two-headed ogre
 11137 | D:9      | Noticed a death yak
 11137 | D:9      | Noticed Erica
 11170 | D:9      | Killed Erica
 11171 | D:9      | Reached skill level 10 in Fighting
 11171 | D:9      | Reached skill level 11 in Armour
 11173 | D:9      | Killed a death yak
 11583 | D:9      | Noticed a death yak
 11585 | D:9      | Noticed a death yak
 11597 | D:9      | Killed a death yak
 11599 | D:9      | Killed a death yak
 11600 | D:9      | Reached XP level 11. HP: 101/101 MP: 10/10
 11628 | D:9      | Found a staircase to the Lair.
 11789 | D:9      | Identified the +8 flail of Giyxed {vorpal, Dex+6}
 11915 | D:9      | Reached skill level 1 in Maces & Flails
 12278 | D:9      | HP: 3/102 [electric eel/bolt of electricity (10)]
 12987 | D:9      | Noticed Grum
 12996 | D:9      | Reached skill level 12 in Armour
 13008 | D:9      | HP: 3/102 [Grum (11)]
 13009 | D:9      | HP: 1/102 [Grum (2)]
 14124 | D:9      | Killed Grum
 14605 | Lair:1   | Entered Level 1 of the Lair of Beasts
 15064 | Lair:1   | Noticed a six-headed hydra
 15088 | Lair:1   | Killed a six-headed hydra
 16350 | Lair:2   | Noticed an eight-headed hydra
 16360 | Lair:2   | Killed an eight-headed hydra
 16361 | Lair:2   | Reached skill level 5 in Maces & Flails
 16679 | Lair:2   | Reached skill level 13 in Armour
 16698 | Lair:2   | Noticed an eight-headed hydra
 16704 | Lair:2   | HP: 4/104 [eight-headed hydra (8)]
 16706 | Lair:2   | Slain by an eight-headed hydra

Illustrated notes

Levels and vault maps discovered:
D:1:      zaba_arrival_water, layout_basic, chequers_serial_rivers_micro_b
D:2:      wad_woods_pond, layout_basic, shapermc_ecumenical_altar_mp_highgroup,
          uniq_natasha
D:3:      kb_forest_paths, layout_basic, nicolae_gozag_seed_capital,
          portal_sewer_entry_d, serial_shops, shop
D:4:      layout_loops_ring, mainiacjoe_overflow_swirl, serial_shops,
          kennysheep_little_box, hangedman_abyss_or_decor_stabs,
          minmay_crystal_water
D:5:      layout_basic, mainiacjoe_overflow_six_doors_small,
          overflow_temple_1_default, bloody_makhleb, uniq_eustachio, uniq_ijyb,
          uniq_grinder
D:6:      layout_basic, vehumet_altar_wand_db, mainiacjoe_overflow_24_doors,
          nicolae_yredelemnul_corpse_copse, overflow_temple_1_default,
          st_stairs_11
D:7:      layout_basic, minmay_temple_entry_hall, uniq_pikel
D:8:      layout_rooms, nicolae_overflow_crystal_walls
D:9:      layout_basic, dpeg_lair_monsters, erik_orc_2,
          hangedman_abyss_or_decor_clamps, uniq_grum, uniq_erica
Lair:1:   layout_loops_ring, amcnicky_mini_pool_medium, grunt_megastairs_3
Lair:2:   layout_roguey, minmay_shoals_entry_hut

Skill      XL: |  1  2  3  4  5  6  7  8  9 10 11 |
---------------+----------------------------------+-----
Polearms       | 4 5 6 8 9 |  9.6
Fighting       | 4 5 6 7 8 10 12 | 12.2
Armour         | 3 4 5 7 8 10 11 13 | 13.0
Dodging        | 3 4 |  4.5
Evocations     | 1 2 |  2.3
Long Blades    | 4 7 |  7.8
Maces & Flails | 5 |  5.6
Throwing       | |  0.2
Stealth        | |  0.9

Action                   |  1- 3 |  4- 6 |  7- 9 | 10-12 || total
-------------------------+-------+-------+-------+-------++-------
Melee: Spear             |    70 |   133 |   246 |       ||   449
       Headbutt          |    10 |    21 |    54 |    51 ||   136
       Great sword       |       |       |    43 |    48 ||    91
       Flail             |       |       |       |   122 ||   122
Throw: Stone             |     1 |     2 |       |       ||     3
       Dart              |       |       |     1 |       ||     1
Invok: Berserk           |     1 |     2 |    11 |    10 ||    24
       Trog's Hand       |     1 |       |       |     1 ||     2
Evoke: Wand              |       |       |     2 |       ||     2
  Use: Scroll            |       |     1 |     9 |     8 ||    18
       Potion            |       |       |     2 |     2 ||     4
Armor: Plate armour      |    18 |    62 |   121 |   129 ||   330
Dodge: Dodged            |    22 |    27 |    82 |   117 ||   248

Table legend: (Time is in decaauts)
 A = Elapsed time spent in this place.
 B = Non-inter-level travel time spent in this place.
 C = Inter-level travel time spent in this place.
 D = Time resting spent in this place.
 E = Time spent auto-exploring this place.
 F = Levels seen in this place.
 G = Mean time per level.
                   A        B        C        D        E       F      G
               +--------+--------+--------+--------+--------+-----+--------+
         Total |  16848 |  16521 |    327 |   7886 |   4005 |  11 | 1531.6 |
       Dungeon |  14710 |  14409 |    301 |   6671 |   3641 |   9 | 1634.4 |
          Lair |   2138 |   2112 |     26 |   1214 |    364 |   2 | 1069.0 |
               +--------+--------+--------+--------+--------+-----+--------+

Top non-repeatable levels by time:
     D:9: 3684 daAuts
     D:6: 2317 daAuts
     D:5: 2278 daAuts
  Lair:1: 1743 daAuts
     D:4: 1206 daAuts
     D:8: 1096 daAuts
     D:3: 1056 daAuts
     D:1: 1032 daAuts
     D:7: 1023 daAuts
     D:2: 1015 daAuts
  Lair:2: 394 daAuts
